Map: Ever Dream LE

Players

JonSnow

  • Race: Zerg Zerg
  • League: Master
  • Spawn Location: 7:00

Future - Winner!

  • Race: Terran Terran
  • Spawn Location: 1:00

Event: DreamHack SC2 Masters 2020 Summer North America

VOD

Have the link to the VOD?

Description

Time

  • Played on: July 4, 2020, 5:07 p.m.
  • Length: 7:53

All games in this series

Show
View Real Time Build Order
Export as new Build Order

JonSnow Zerg 

Build Orders: Hatch First 

Get SALT Encoding   

  12  0:00  Drone  
  13  0:12  Overlord  
  13  0:17  Drone  
  14  0:31  Drone x2  
  16  0:48  Hatchery  
  15  0:51  Drone  
  15  0:55  Drone  
  17  0:59  Drone  
  18  1:08  Extractor  
  17  1:14  Spawning Pool  
  17  1:17  Drone  
  17  1:20  Drone  
  18  1:30  Drone  
  19  1:39  Drone  
  20  1:49  Overlord  
  20  2:01  Queen x2  
  20  2:02  Zergling x4  
  26  2:10  Metabolic Boost  
  26  2:11  Zergling x2  
  26  2:12  Drone  
  28  2:33  Hatchery  
  26  2:38  Drone x2  
  26  2:42  Drone x2  
  30  2:50  Queen  
  32  2:55  Overlord  
  32  2:57  Drone  
  33  3:00  Drone  
  33  3:03  Drone  
  35  3:14  Drone x5  
  35  3:19  Extractor  
  39  3:24  Roach Warren  
  38  3:31  Overlord  
  38  3:34  Drone, Overlord  
  38  3:54  Zergling x2  
  39  4:04  Roach x8  
  55  4:13  Overlord x2  
  55  4:20  Roach  
  57  4:28  Overlord x2  
  57  4:34  Roach x4  
  57  4:35  Roach  
  67  4:44  Zergling x4  
  67  4:45  Zergling x6  
  72  4:51  Overlord  
  72  4:55  Zergling x2  
  72  4:56  Zergling x4  
  72  4:58  Ravager  
  76  5:04  Zergling x8  
  79  5:10  Ravager  
  80  5:15  Zergling x6  
  80  5:17  Ravager  
  80  5:19  Zergling x8  
  81  5:34  Zergling x4  
  70  5:37  Zergling x2  
  68  5:44  Zergling x2  
  66  5:50  Zergling x2  
  66  5:51  Zergling x2  
  61  6:00  Zergling x2  
  61  6:01  Zergling x20  
  56  6:07  Drone x2  
  56  6:10  Extractor  
  55  6:12  Drone  
  55  6:16  Drone  
  57  6:19  Drone  
  57  6:23  Drone  
  57  6:24  Drone x2  
  57  6:25  Drone  
  62  6:26  Drone  
  62  6:27  Drone x3  
  66  6:33  Overlord  
  66  6:35  Overlord  
  66  6:38  Overlord  
  53  6:49  Roach  
  53  6:50  Roach x4  
  53  6:53  Roach x2  
  63  6:59  Roach x2  
  67  7:02  Roach  
  67  7:03  Roach  
  67  7:05  Roach  
  73  7:09  Roach  
  73  7:11  Roach  
  73  7:12  Roach  
  79  7:18  Ravager x3  
  79  7:19  Ravager  
  79  7:20  Ravager  
  79  7:21  Zergling x2  
  79  7:22  Zergling x6  
  88  7:28  Zergling x8  
Show
View Real Time Build Order
Export as new Build Order

Future Terran - Winner!

Build Orders: Reaper Expand 

Get SALT Encoding   

  12  0:00  SCV  
  13  0:12  SCV  
  14  0:17  Supply Depot  
  14  0:25  SCV  
  15  0:38  SCV  
  15  0:39  Barracks  
  15  0:42  Refinery  
  16  0:50  SCV  
  17  1:02  SCV  
  18  1:14  SCV  
  19  1:26  Orbital Command, Reaper  
  20  1:39  Command Center  
  20  1:48  Supply Depot  
  20  1:52  SCV  
  21  1:58  Marine  
  22  2:04  SCV  
  22  2:06  Factory  
  23  2:13  Refinery  
  23  2:16  SCV  
  23  2:21  Barracks Reactor  
  24  2:28  SCV  
  25  2:40  SCV  
  25  2:51  Starport, Orbital Command  
  25  2:52  SCV  
  26  3:01  Hellion x2  
  26  3:04  Barracks Tech Lab, SCV  
  31  3:10  Supply Depot  
  31  3:16  SCV  
  31  3:17  SCV  
  33  3:23  Hellion x2  
  37  3:28  SCV, Viking  
  37  3:29  SCV  
  37  3:32  Stimpack  
  41  3:36  Marine  
  42  3:48  SCV  
  42  3:53  SCV  
  43  3:58  Command Center  
  43  3:59  Factory Reactor  
  43  4:00  SCV  
  44  4:05  SCV  
  44  4:08  Barracks  
  45  4:12  SCV  
  45  4:14  Barracks  
  46  4:17  SCV  
  46  4:20  Marine  
  46  4:22  Starport Tech Lab, Supply Depot  
  48  4:24  SCV  
  48  4:29  SCV  
  50  4:31  Engineering Bay  
  50  4:32  Engineering Bay  
  50  4:36  SCV  
  51  4:41  SCV  
  51  4:44  Marine  
  51  4:45  Siege Tank, Refinery  
  56  4:48  Starport Reactor  
  56  4:49  SCV  
  56  4:51  Bunker  
  57  4:54  SCV  
  57  4:56  Bunker  
  57  4:58  Marine  
  57  4:59  Marine  
  60  5:01  SCV  
  62  5:09  Marauder, SCV  
  62  5:13  SCV  
  66  5:16  Marine x2  
  66  5:17  Siege Tank, Orbital Command  
  63  5:30  Marine  
  63  5:32  Marine, SCV  
  63  5:34  Marine  
  61  5:38  Marine x2  
  51  5:47  Combat Shield  
  51  5:48  Marine  
  51  5:49  Siege Tank  
  49  5:50  Marine  
  49  5:52  Marine  
  49  5:56  Marine x2  
  40  6:04  SCV  
  40  6:06  Marine, SCV  
  40  6:08  Marine  
  40  6:10  Marine  
  43  6:11  Supply Depot  
  43  6:13  SCV  
  43  6:16  SCV  
  43  6:18  SCV  
  46  6:21  Siege Tank  
  46  6:22  Medivac  
  46  6:24  Medivac  
  46  6:25  SCV  
  54  6:28  SCV  
  54  6:30  Marine x2, SCV  
  54  6:32  Marine  
  59  6:36  Marine  
  59  6:37  Marine, SCV  
  62  6:40  SCV  
  62  6:42  SCV  
  58  6:51  Marine x2  
  58  6:52  Marine, SCV  
  61  6:54  Marine  
  61  6:55  Orbital Command  
  61  6:57  Marine  
  61  7:00  SCV  
  64  7:04  SCV  
  64  7:07  Refinery  
  65  7:09  Marine x2  
  65  7:10  Marine  
  65  7:12  Marine  
  65  7:14  Marine, SCV  
  65  7:15  Supply Depot  
  71  7:16  Supply Depot x2, SCV  
  71  7:21  Siege Tank  
  71  7:22  SCV  
  76  7:26  SCV  
  77  7:36  SCV x2  
  83  7:38  SCV  
Tags
 
Add a new tag
Caveats
  • Supply blocks, unpowered buildings, or Contaminate may cause inaccurate times.
  • Supply counts are checked every 10 seconds.